 Dungeon Crawl Stone Soup version 0.31.0-9-g3a7656b989 (webtiles) character file.

Game seed: 9269703531191390487

67 qw the Shooter (level 4, -1/25 HPs)
             Began as a Deep Elf Hunter on Feb 2, 2024.
             Slain by a gnoll
             ... wielding a +0 spear
              (3 damage)
             ... on level 2 of the Dungeon.
             The game lasted 00:00:03 (524 turns).

qw the Shooter (Deep Elf Hunter)                     Turns: 524, Time: 00:00:03

Health: -1/25      AC:  5    Str: 10    XL:     4   Next: 0%
Magic:  6/6        EV: 11    Int: 14    God:
Gold:   20         SH:  0    Dex: 18    Spells: 3/3 levels left

rFire   . . .        a - +0 shortbow
rCold   . . .        (shield currently unavailable)
rNeg    . . .        g - +0 ring mail
rPois   .            (no helmet)
rElec   .            (no cloak)
rCorr   .            (no gloves)
SInv    .            (no boots)
Will    .....        (no amulet)
Stlth   +            (no ring)
HPRegen 0.24/turn    (no ring)
MPRegen 0.10/turn

%: no passive effects
@: about to teleport
A: no striking features
a: no special abilities


You were on level 2 of the Dungeon.
You visited 1 branch of the dungeon, and saw 2 of its levels.

You collected 20 gold pieces.


   Skills:
 - Level 1.5 Fighting
 + Level 7.4 Ranged Weapons
 - Level 2.4 Dodging
 - Level 1.2 Stealth


You had 3 spell levels left.
You didn't know any spells.
Your spell library was empty.

Inventory:

Hand Weapons
 a - a +0 shortbow (weapon)
Armour
 g - a +0 ring mail (worn)
Scrolls
 b - a scroll of vulnerability {unknown}
Potions
 c - a potion of curing {unknown}

Dungeon Overview and Level Annotations

Branches:
Dungeon (2/15)

Altars:

Shops:
D:1 !


Message History

You shoot an arrow.
The arrow hits the gnoll but does no damage.
The gnoll barely misses you.
You shoot an arrow.
The arrow hits the gnoll but does no damage.
The gnoll hits you from afar with a +0 spear. x2
You shoot an arrow. The arrow hits the gnoll.
The gnoll is moderately wounded.
The gnoll closely misses you.
You shoot an arrow. The arrow barely misses the gnoll.
The gnoll misses you.
You shoot an arrow. The arrow closely misses the gnoll.
The gnoll hits you from afar with a +0 spear.
You shoot an arrow.
The arrow hits the gnoll but does no damage.
The gnoll is moderately wounded.
The gnoll hits you from afar with a +0 spear.
You shoot an arrow. The arrow closely misses the gnoll.
The gnoll closely misses you. The gnoll misses you.
You shoot an arrow.
The arrow hits the gnoll but does no damage.
The gnoll is lightly wounded.
The gnoll hits you from afar with a +0 spear.
You shoot an arrow. The arrow hits the gnoll.
The gnoll is moderately wounded.
The gnoll misses you.
You shoot an arrow. The arrow hits the gnoll.
The gnoll is severely wounded.
The gnoll hits you from afar with a +0 spear.
You shoot an arrow. The arrow closely misses the gnoll.
The gnoll misses you.
You shoot an arrow.
The arrow hits the gnoll but does no damage.
The gnoll is heavily wounded.
The gnoll hits you from afar with a +0 spear. x2
524 ||| READING scroll of teleportation.
As you read the scroll of teleportation, it crumbles to dust.
You feel strangely unstable.
The gnoll hits you from afar with a +0 spear.
You die...

#...#
#.##.####.#
#...#
#.........#
#.<.#
####.######
#######...#
#.#
#.........#
#.######
#)........#
######.#.....
#..#####.##
#........####
#. ####.#
#.####.<.#
#.g.@# ##.##
#)#.........
#.# ).
##.####.##
#)# ... ..#
..# .# ###
###


You could see a gnoll.

Vanquished Creatures
  2 gnolls (D:2)
  5 dart slugs (D:1)
  A ball python (D:1)
  5 endoplasms
  2 giant cockroaches (D:1)
  2 goblins
  2 hobgoblins (D:1)
  2 jackals (D:1)
  4 kobolds (D:1)
  2 quokkas (D:1)
  4 bats (D:1)
  2 frilled lizards (D:1)
  4 rats (D:1)
37 creatures vanquished.

Notes
Turn   | Place    | Note
-------+----------+-------------------------------------------
     0 | D:1      | qw the Deep Elf Hunter began the quest for the Orb.
     0 | D:1      | Reached XP level 1. HP: 12/12 MP: 3/3
     0 | D:1      | 0 ||| qw: Version: 0.3-a-155-g5e7d8dd
     0 | D:1      | 0 ||| qw: Game counter: 1861
     0 | D:1      | 0 ||| qw: Melee chars always use a shield: true
     0 | D:1      | 0 ||| qw: God list: Okawaru
     0 | D:1      | 0 ||| qw: Allow faded altars: false
     0 | D:1      | 0 ||| qw: Do Orc after clearing Dungeon:15 true
     0 | D:1      | 0 ||| qw: Do second Lair branch before Depths: true
     0 | D:1      | 0 ||| qw: Lair rune preference: random
     0 | D:1      | 0 ||| qw: Goals: Normal
     0 | D:1      | 0 ||| PLANNING D:1-11
   133 | D:1      | Reached XP level 2. HP: 16/16 MP: 4/4
   135 | D:1      | Reached skill level 6 in Ranged Weapons
   187 | D:1      | Found a faded altar of an unknown god.
   205 | D:1      | Reached XP level 3. HP: 18/20 MP: 5/5
   242 | D:1      | Found Hapenoos's Distillery.
   252 | D:1      | 252 ||| SHOPLISTING 2 potions of curing (66 gold, have 5).
   252 | D:1      | 252 ||| SHOPLISTING 2 potions of mutation (176 gold, have
                  | 5).
   252 | D:1      | 252 ||| SHOPLISTING potion of curing (33 gold, have 5).
   252 | D:1      | 252 ||| SHOPLISTING potion of haste (110 gold, have 5).
   252 | D:1      | 252 ||| SHOPLISTING potion of resistance (110 gold, have
                  | 5).
   304 | D:1      | Reached skill level 7 in Ranged Weapons
   443 | D:1      | 443 ||| UPGRADING to +0 ring mail.
   453 | D:1      | 453 ||| DROPPING +0 leather armour.
   454 | D:1      | 454 ||| READING 2 scrolls labelled LIRAWOODWO.
   458 | D:1      | 458 ||| READING scroll labelled GUN FYKLATECK.
   459 | D:1      | 459 ||| READING scroll labelled SUOFYOCHUU.
   460 | D:1      | 460 ||| DROPPING scroll of butterflies.
   510 | D:2      | Reached XP level 4. HP: 25/25 MP: 6/6
   523 | D:2      | HP: 5/25 [gnoll/+0 spear (3)]
   523 | D:2      | HP: 2/25 [gnoll/+0 spear (3)]
   524 | D:2      | 524 ||| READING scroll of teleportation.
   524 | D:2      | Slain by a gnoll

Levels and vault maps discovered:
D:1:      minmay_arrival_semitransparent, layout_rooms, serial_shops,
          nicolae_lakefront_shop, shapermc_ecumenical_altar_ellora,
          hangedman_decor_riveting, st_stairs_12
D:2:      layout_loops_cross, corexii_leaking_fountain

Skill      XL: |  1  2  3 |
---------------+----------+-----
Ranged Weapons | 6 7 |  7.4
Fighting       | |  1.5
Dodging        | |  2.4
Stealth        | |  1.2

Action                     |  1- 3 |  4- 6 || total
---------------------------+-------+-------++-------
   Fire: Shortbow          |    72 |    13 ||    85
    Use: Scroll            |     3 |     1 ||     4
 Armour: Leather armour    |     1 |       ||     1
         Ring mail         |       |     9 ||     9
  Dodge: Dodged            |     6 |     7 ||    13

Table legend:
 A = Non-vault XP
 B = Vault XP
 C = Vault XP percentage of total XP
 D = Non-vault monster count
 E = Vault monster count
 F = Vault count percentage of total count
                 A         B        C        D         E       F
            +---------+---------+-------+---------+---------+-------
      Total |      93 |       4 |   4.1 |      36 |       1 |   2.7
            +---------+---------+-------+---------+---------+-------
        D:1 |      61 |       4 |   6.2 |      32 |       1 |   3.0
        D:2 |      32 |       0 |   0.0 |       4 |       0 |   0.0
            +---------+---------+-------+---------+---------+-------
